 Dungeon Crawl Stone Soup version 0.30.1 (webtiles) character file.

Game seed: 6547866484176096638

55359 Bnni the Severer (level 14, -15/127 HPs)
             Began as a Hill Orc Monk on July 7, 2023.
             Was an Elder of Beogh.
             Demolished by a large slime creature (33 damage)
             ... on level 13 of the Dungeon on July 8, 2023.
             The game lasted 00:45:20 (15648 turns).

Bnni the Severer (Hill Orc Monk)                   Turns: 15648, Time: 00:45:20

Health: -15/127    AC: 17    Str: 19    XL:     14   Next: 77%
Magic:  15/21      EV:  8    Int: 10    God:    Beogh [****..]
Gold:   879        SH:  5    Dex: 13    Spells: 13/13 levels left

rFire   . . .        R - +3 battleaxe
rCold   + + .        (shield currently unavailable)
rNeg    + . .        V - +1 plate armour
rPois   .            S - +1 hat "Naithri" {rC+ Will++ SInv}
rElec   .            P - +0 cloak
rCorr   .            (no gloves)
SInv    +            (no boots)
Will    +++..        W - amulet of reflection Stlth
                     i - ring of positive energy
HPRegen 0.41/turn    l - ring of protection from cold
MPRegen 0.17/turn

%: reflection
@: studying Axes
A: no striking features
a: Renounce Religion, Smiting, Recall Orcish Followers


You were on level 13 of the Dungeon.
You worshipped Beogh.
Beogh was greatly pleased with you.
You visited 1 branch of the dungeon, and saw 13 of its levels.
You also visited: Ossuary and Bailey.

You collected 987 gold pieces.
You spent 108 gold pieces at shops.

Inventory:

Hand Weapons
 J - a +0 war axe
 L - a +0 glaive
 O - the +12 quarterstaff of Ehyurou {heavy, rC+ Will+ Str+2}
   (You took it off an orc warlord in a bailey)

   Str:       It affects your strength (+2).
   rC:        It protects you from cold.
   Will:      It increases your willpower.
 Q - the +2 hand axe "Turr" {venom, Will++}
   (You found it in a bailey)

   Will:      It greatly increases your willpower.
 R - a +3 battleaxe (weapon)
 T - a +3 halberd
Missiles
 r - 40 poisoned darts
 x - 22 boomerangs (quivered)
Armour
 D - an orb of light
 P - a +0 cloak (worn)
 S - the +1 hat "Naithri" (worn) {rC+ Will++ SInv}
   (You acquired it in a bailey)

   rC:        It protects you from cold.
   SInv:      It lets you see invisible.
   Will:      It greatly increases your willpower.
 V - a +1 plate armour (worn)
Jewellery
 d - a ring of protection from cold
 i - a ring of positive energy (left hand)
 l - a ring of protection from cold (right hand)
 I - a ring of see invisible
 W - an amulet of reflection (around neck)
Wands
 k - a wand of roots (5)
 E - a wand of polymorph (5)
 F - a wand of digging (15)
 G - a wand of charming (7)
 H - a wand of acid (4)
 X - a wand of flame (20)
Scrolls
 a - a scroll of identify
 f - 3 scrolls of enchant armour {unknown}
 h - 2 scrolls of blinking
 j - 3 scrolls of amnesia {unknown}
 m - 7 scrolls of fog
 n - 3 scrolls of noise {unknown}
 o - 3 scrolls of immolation
 q - 2 scrolls of butterflies
 t - 2 scrolls of silence {unknown}
 v - 8 scrolls of teleportation
 y - 4 scrolls of fear
 A - 6 scrolls of poison {unknown}
 M - 5 scrolls of enchant weapon
 U - 2 scrolls of magic mapping
Potions
 b - 2 potions of brilliance
 c - 4 potions of ambrosia
 e - 2 potions of curing
 g - 2 potions of might
 p - 2 potions of haste
 s - 4 potions of lignification
 u - 2 potions of mutation
 w - a potion of heal wounds
 z - 2 potions of attraction
 B - a potion of flight
 C - 2 potions of cancellation
 K - 3 potions of resistance
 N - a potion of berserk rage {unknown}
 Z - a potion of magic {unknown}
Miscellaneous
 Y - a box of beasts


   Skills:
 + Level 12.8 Fighting
 - Level 20.0 Axes
 * Level 10.2 Throwing
 + Level 8.1 Armour
 + Level 5.2 Dodging
 + Level 10.0 Invocations


You had 13 spell levels left.
You didn't know any spells.
Your spell library contained the following spells:

 Spells                   Type           Power      Damage    Failure   Level
 Magic Dart               Conj           0%         1d3       100%        1
 Shock                    Conj/Air       0%         1d3       100%        1
 Summon Small Mammal      Summ           0%         N/A       100%        1
 Ensorcelled Hibernation  Hex/Ice        0%         N/A       100%        2
 Poisonous Vapours        Pois/Air       0%         N/A       100%        2
 Searing Ray              Conj           0%         2d4       100%        2
 Call Canine Familiar     Summ           0%         N/A       100%        3
 Spider Form              Tmut/Pois      0%         N/A       100%        3
 Summon Guardian Golem    Hex/Summ       0%         N/A       100%        3
 Swiftness                Air            0%         N/A       100%        3
 Airstrike                Air            0%         2d(0-16)  100%        4
 Anguish                  Hex/Necr       0%         N/A       100%        4
 Animate Dead             Necr           0%         N/A       100%        4
 Fulminant Prism          Conj/Hex       0%         3d5       100%        4
 Olgreb's Toxic Radiance  Pois           0%         N/A       100%        4
 Alistair's Intoxication  Tmut/Pois      0%         N/A       100%        5
 Blade Hands              Tmut           0%         N/A       100%        5
 Borgnjor's Vile Clutch   Necr/Erth      0%         N/A       100%        5
 Irradiate                Conj/Tmut      0%         3d11      100%        5
 Death Channel            Necr           0%         N/A       100%        6
 Eringya's Noxious Bog    Tmut/Pois      0%         N/A       100%        6
 Summon Cactus Giant      Summ           0%         N/A       100%        6
 Dragon Form              Tmut           0%         N/A       100%        7
 Haunt                    Necr/Summ      0%         N/A       100%        7
 Summon Hydra             Summ           0%         N/A       100%        7
 Dragon's Call            Summ           0%         N/A       100%        9


Dungeon Overview and Level Annotations

Branches:
Dungeon (13/15)            Temple (0/1) D:5            Lair (0/5) D:8
    Orc (0/2) D:9         Ossuary (visited)          Bailey (visited)
 Vaults: D:13-14

Altars:
Elyvilon
Nemelex Xobeh
Okawaru
Trog
Xom
Yredelemnul
Zin

Shops:
D:3 *   D:7 *

Annotations:
D:9 2 transporters


Message History

Unknown command.
You are too injured to fight recklessly!
Unknown command.
You are too injured to fight recklessly!
Unknown command.
Aiming: Corrosive Bolt
Press: ? - help, Shift-Dir - straight line, f - large slime creature
Aim: a large slime creature (94% to hit)
The bolt of acid hits the enormous slime creature!
The acid corrodes the enormous slime creature!
The enormous slime creature is severely wounded.
The bolt of acid hits the large slime creature!
The acid corrodes the large slime creature!
The large slime creature is lightly wounded.
The enormous slime creature hits you!!!
* * * LOW HITPOINT WARNING * * *
Arkwar hits the enormous slime creature from afar with a +4 trident of venom!!
The enormous slime creature looks as sick as possible!
You hear two shouts!
Aiming: Smiting
Press: ? - help, Dir - move target, f - enormous slime creature, p - large slime creature Smite: an enormous slime creature (severely wounded, not watching you, extremely poisoned, covered in acid, ally target)
You smite the enormous slime creature!!
The enormous slime creature is almost dead.
The enormous slime creature closely misses you.
Arkwar hits the enormous slime creature from afar with a +4 trident of venom!!
The enormous slime creature dies!
Beogh accepts your kill.
Unknown command.
Aiming: Smiting
Press: ? - help, Dir - move target, f - large slime creature Smite: a large slime creature (lightly wounded, covered in acid, ally target)
You smite the large slime creature!!
The large slime creature is moderately wounded.
Arkwar hits the large slime creature from afar with a +4 trident of venom!!
The large slime creature is poisoned.
You feel better.
A two-headed ogre comes into view. It is wielding two +0 giant clubs.
The large slime creature hits you!!
You die...

#.########ooo...>.
#.# ######### #.#
#.# #o# #o# #o#
#o# #@# #J# #.#
#.# #.# #.# #.#
#O#


You could see a large slime creature (very poisoned, corroded, ally target), a
two-headed ogre, a friendly orc knight (strong), the friendly Arkwar the orc
knight (strong), the friendly Norbak the orc knight (strong) and a friendly orc
wizard (strong, invisible).

Vanquished Creatures
  An orc warlord (Bailey)
  An ogre mage (D:10)
  A two-headed ogre (D:9)
  A centaur warrior (D:10)
  The ghost of Graphine the Cleaver, a novice HOFi of Beogh (D:9)
  A tengu warrior (D:10)
  Pikel (D:8)
  A wizard (D:12)
  An orc knight (D:10)
  A deep elf pyromancer (D:10)
  3 ugly things
  A cyclops (D:12)
  Joseph (D:10)
  A gargoyle (D:10)
  2 yaktaurs (D:10)
  A kobold demonologist (D:11)
  2 orc wizards (D:10)
  A hornet (D:10)
  2 slime creatures (D:13)
  A shadow (D:12)
  A wyvern (D:8)
  13 yaks
  2 wraiths
  A steam dragon (D:8)
  2 fire elementals (D:12)
  8 vampire mosquitoes (D:10)
  A warg (D:8)
  An acid dragon (D:10)
  A water moccasin (D:5)
  A sky beast (D:8)
  4 orc warriors
  2 ice beasts (D:7)
  3 centaurs
  An ogre (D:6)
  A tengu (D:5)
  4 kobold brigands
  3 bullfrogs
  3 necrophages (D:7)
  A scorpion (D:5)
  A wyvern zombie (D:7)
  12 wights
  5 killer bees (D:9)
  A howler monkey (D:10)
  A centaur zombie (D:7)
  A bullfrog zombie (D:7)
  A human zombie (D:7)
  3 orc priests
  2 hounds
  3 jellies
  A gnoll bouda (D:5)
  5 iguanas
  3 killer bee zombies (D:7)
  2 mummies
  8 adders
  13 gnolls
  3 white imps
  A worm (D:4)
  5 dart slugs
  11 orcs
  5 ball pythons
  8 endoplasms
  7 giant cockroaches
  14 goblins
  8 hobgoblins
  4 jackals (D:5)
  26 kobolds
  3 quokkas
  4 bats
  5 frilled lizards
  5 gnoll skeletons (Ossuary)
  3 kobold skeletons (Ossuary)
  17 orc skeletons (Ossuary)
  3 rats
272 creatures vanquished.

Vanquished Creatures (collateral kills)
  A boulder beetle (D:10)
  A two-headed ogre (D:10)
  A wizard (D:12)
  4 lindwurms (D:12)
  2 deep elf pyromancers (D:12)
  2 ugly things (D:12)
  A cyclops (D:11)
  Psyche (D:12)
  A troll (D:9)
  2 slime creatures (D:13)
  A jumping spider (shapeshifter) (D:10)
  8 yaks
  A steam dragon (D:10)
  A vampire mosquito (D:10)
  2 wargs (D:8)
  2 acid dragons (D:10)
  2 centaurs
  A lemure (D:8)
  A kobold brigand (D:11)
  5 wights
  2 howler monkeys (D:9)
  3 orc wizards
  3 orcs
  3 goblins (D:8)
51 creatures vanquished.

Vanquished Creatures (others)
  An orc priest (D:10)
  2 orc warriors
  An orc wizard (D:10)
  14 orcs
18 creatures vanquished.

Grand Total: 341 creatures vanquished

Notes
Turn   | Place    | Note
-------+----------+-------------------------------------------
     0 | D:1      | Bnni the Hill Orc Monk began the quest for the Orb.
     0 | D:1      | Reached XP level 1. HP: 19/19 MP: 1/1
    40 | D:1      | Reached XP level 2. HP: 9/27 MP: 2/2
   336 | D:1      | Reached skill level 5 in Axes
   340 | D:1      | Reached XP level 3. HP: 33/33 MP: 3/3
   772 | D:2      | Reached XP level 4. HP: 40/41 MP: 4/4
   957 | D:2      | Reached skill level 6 in Axes
  1305 | D:3      | Identified the +0 leather armour "Yllurug" {rN++ Slay+2}
  1471 | D:3      | Found Jumukluf's Assorted Antiques.
  1816 | D:3      | Reached XP level 5. HP: 47/47 MP: 5/5
  1819 | D:3      | Found a faded altar of an unknown god.
  2030 | D:3      | Bought a helmet for 90 gold pieces
  2030 | D:3      | Bought a cyan potion for 18 gold pieces
  2462 | D:4      | Reached skill level 5 in Fighting
  2822 | D:5      | Entered Level 5 of the Dungeon
  2920 | D:5      | Noticed an acid dragon
  2922 | D:5      | an acid dragon changed into a tengu
  2922 | D:5      | Noticed a tengu
  2939 | D:5      | Killed a tengu
  2940 | D:5      | Reached skill level 7 in Axes
  2940 | D:5      | Reached XP level 6. HP: 24/56 MP: 6/6
  3279 | D:5      | Reached skill level 8 in Axes
  3331 | D:5      | Noticed Edmund
  3332 | D:5      | Edmund changed into Edmund the centaur
  3332 | D:5      | Noticed Edmund
  3340 | D:5      | Killed Edmund the centaur
  3476 | D:5      | Reached XP level 7. HP: 40/63 MP: 7/7
  3675 | D:4      | Reached skill level 9 in Axes
  3959 | D:5      | Found a staircase to the Ecumenical Temple.
  3960 | D:5      | Became a worshipper of Beogh the Brigand
  3960 | D:5      | Reached * piety under Beogh
  3960 | D:5      | Reached ** piety under Beogh
  4504 | D:6      | Found an iron altar of Okawaru.
  4519 | D:6      | Reached skill level 10 in Axes
  4521 | D:6      | Reached XP level 8. HP: 47/73 MP: 8/8
  5144 | D:6      | Identified the +2 leather armour of the Iron Devil {-Cast
                  | rElec rCorr}
  5233 | D:6      | Reached skill level 11 in Axes
  5972 | D:7      | Found a sand-covered staircase.
  5981 | Ossuary  | Entered an ossuary
  5981 | Ossuary  | Noticed a wraith
  5981 | Ossuary  | Noticed a wraith
  5981 | Ossuary  | Noticed a wraith
  6081 | Ossuary  | Reached *** piety under Beogh
  6111 | Ossuary  | Noticed a wraith
  6127 | Ossuary  | Killed a wraith
  6235 | D:7      | Reached skill level 12 in Axes
  6616 | D:7      | Reached XP level 9. HP: 82/82 MP: 9/9
  6642 | D:7      | Found a sparkling altar of Nemelex Xobeh.
  6745 | D:7      | Gained Arkwar as an ally
  6877 | D:7      | Found Hemelub's Gadget Gallery.
  7068 | D:7      | Reached **** piety under Beogh
  7124 | D:7      | Reached skill level 13 in Axes
  7293 | D:7      | Found a basalt altar of Yredelemnul.
  7681 | D:8      | Found a flagged portal.
  7730 | Bailey   | Entered a bailey
  7736 | Bailey   | Noticed an orc warlord
  8104 | Bailey   | Found a runed translucent gate.
  8106 | Bailey   | Acquired a manual of Axes
  8108 | Bailey   | Found a runed translucent gate.
  8109 | Bailey   | Found a runed translucent gate.
  8237 | Bailey   | Identified the +12 quarterstaff of Ehyurou {heavy, rC+
                  | Will+ Str+2}
  8274 | Bailey   | Killed an orc warlord
  8275 | Bailey   | Reached skill level 15 in Axes
  8341 | Bailey   | Identified the +2 hand axe "Turr" {venom, Will++}
  8359 | Bailey   | Acquired the +1 hat "Naithri" {rC+ Will++ SInv}
  8455 | D:8      | Reached skill level 10 in Fighting
  8455 | D:8      | Reached XP level 10. HP: 92/93 MP: 7/10
  8530 | D:8      | Found a staircase to the Lair.
  8540 | D:8      | Reached skill level 16 in Axes
  8544 | D:8      | Reached ***** piety under Beogh
  9521 | D:8      | Noticed Pikel
  9538 | D:8      | Killed Pikel
  9539 | D:8      | Reached skill level 17 in Axes
 10055 | D:9      | Found a transporter.
 10055 | D:9      | Found a transporter.
 10056 | D:9      | Noticed an eight-headed hydra
 10056 | D:9      | Noticed an eight-headed hydra
 10060 | D:9      | Noticed a cyclops
 10101 | D:9      | Noticed a two-headed ogre
 10108 | D:9      | Killed a two-headed ogre
 10109 | D:9      | Reached skill level 18 in Axes
 10109 | D:9      | Reached skill level 5 in Armour
 10287 | D:9      | Found a bloodstained altar of Trog.
 10313 | D:9      | Found a runed translucent gate.
 10314 | D:9      | Found a runed translucent gate.
 10315 | D:9      | Found a runed translucent gate.
 10315 | D:9      | Noticed Graphine's ghost (novice HOFi)
 10316 | D:9      | Noticed a kobold demonologist
 10327 | D:9      | Killed Graphine's ghost
 10328 | D:9      | Reached skill level 1 in Invocations
 10395 | D:9      | Gained Milork as an ally
 10401 | D:9      | Reached XP level 11. HP: 94/102 MP: 11/13
 11047 | D:9      | Found a staircase to the Orcish Mines.
 11281 | D:10     | Entered Level 10 of the Dungeon
 11330 | D:10     | Noticed Joseph
 11335 | D:10     | Killed Joseph
 11336 | D:10     | Reached skill level 5 in Invocations
 11339 | D:10     | Noticed a centaur warrior
 11343 | D:10     | Identified the +1 flail "Enacab" {holy, rC+}
 11344 | D:10     | Noticed a purple ugly thing
 11352 | D:10     | Killed a centaur warrior
 11370 | D:10     | Killed a purple ugly thing
 11371 | D:10     | Noticed an orc knight
 11384 | D:10     | HP: 3/104 [orc knight/+3 long sword (12)]
 11458 | D:10     | Your ally Milork died
 11460 | D:10     | Noticed a deep elf pyromancer
 11467 | D:10     | Killed a deep elf pyromancer
 11636 | D:10     | Noticed an ogre mage
 11649 | D:10     | Killed an ogre mage
 11650 | D:10     | Reached skill level 19 in Axes
 11687 | D:10     | Noticed a tengu warrior
 11704 | D:10     | Killed a tengu warrior
 11910 | D:10     | Found a glowing silver altar of Zin.
 12103 | D:10     | Found a white marble altar of Elyvilon.
 12687 | D:11     | Noticed a cyclops
 12701 | D:11     | Noticed a two-headed ogre
 12706 | D:10     | Reached XP level 12. HP: 87/112 MP: 13/17
 12930 | D:11     | Noticed a boulder beetle
 12930 | D:11     | Found a shimmering altar of Xom.
 13129 | D:10     | Killed a two-headed ogre
 13130 | D:10     | Killed a boulder beetle
 13746 | D:12     | Reached ****** piety under Beogh
 13747 | D:12     | Reached skill level 1 in Throwing
 13905 | D:12     | Noticed Psyche
 13909 | D:12     | Killed Psyche
 14349 | D:12     | Gained Norbak as an ally
 14548 | D:12     | Reached skill level 5 in Dodging
 14553 | D:12     | Got Sif Muna's Octavo of the Retinue
 14555 | D:12     | Got the Compilation of the Panacea and Beckoning
 14894 | D:12     | Reached skill level 20 in Axes
 15173 | D:12     | Reached XP level 13. HP: 119/119 MP: 20/20
 15174 | D:12     | Reached skill level 10 in Throwing
 15174 | D:12     | Reached XP level 14. HP: 127/127 MP: 21/21
 15181 | D:12     | Found the +8 arc blade {discharge, rElec}
 15397 | D:13     | Reached skill level 10 in Invocations
 15648 | D:13     | Demolished by a large slime creature

Illustrated notes

Levels and vault maps discovered:
D:1:      wander_arrival_lonely_grave, layout_basic, minmay_vboxes
D:2:      layout_loops_ring, kennysheep_generic_room_6
D:3:      layout_loops_ring, shapermc_ecumenical_altar_gd, serial_shops,
          nicolae_shop_window_shopping
D:4:      layout_basic
D:5:      layout_basic, minmay_temple_entry_proselytizer,
          chequers_serial_rivers_room_a, uniq_edmund
D:6:      layout_cave_pods, okawaru_gym_becter
D:7:      layout_loops_ring, lemuel_mausoleum_altar_yredelemnul,
          nemelex_spade_bored_becter, nicolae_ossuary_entry_ruins,
          hangedman_abyss_or_decor_passed, minivault_10, nicolae_shop_gadgets
D:8:      layout_loops_corners, erik_lair_orcish_takeover, enter_bailey_5,
          dk_noncrumbling_2, hangedman_decor_riveting, uniq_pikel
D:9:      gammafunk_the_bubble [the_bubble_gammafunk_plus_minus],
          layout_irregular_city, old_standard_altar, orc_0_dummy,
          ebering_ghost_rock_garden, kennysheep_generic_room_10
D:10:     minmay_the_grid_octo_triangle [minmay_the_grid_octo_tetromino_candy,
          minmay_the_grid_octo_prize_single_spiral, minmay_the_grid_octo_teeth],
          layout_loops_corners, elyvilon_altar_3,
          mainiacjoe_overflow_cross_hatched, uniq_joseph
D:11:     layout_gridville, xom_confusion_cloud
D:12:     cheibrodos_lost_city_excavation, layout_layer_cave,
          minmay_lindwurm_lava, uniq_psyche
D:13:     layout_loops_ring, serial_bayou_lake_a

Skill      XL: |  1  2  3  4  5  6  7  8  9 10 11 12 13 14 |
---------------+-------------------------------------------+-----
Fighting       | 4 5 6 7 8 10 11 12 | 12.8
Axes           | 5 6 7 8 10 12 15 18 19 20 | 20.0
Armour         | 2 5 7 8 |  8.1
Invocations    | 2 7 9 10 | 10.0
Dodging        | 4 5 |  5.2
Throwing       | 7 10 | 10.2

Action                     |  1- 3 |  4- 6 |  7- 9 | 10-12 | 13-15 || total
---------------------------+-------+-------+-------+-------+-------++-------
  Melee: Hand axe          |    92 |   107 |    46 |    88 |       ||   333
         Whip              |       |    15 |   346 |       |       ||   361
         War axe           |       |       |    10 |       |       ||    10
         Battleaxe         |       |       |       |   228 |    22 ||   250
  Throw: Dart              |       |       |    12 |     2 |       ||    14
         Boomerang         |       |       |       |    12 |       ||    12
 Invoke: Convert to Beogh  |       |       |     1 |       |       ||     1
         Recall Orcish Fol |       |       |     1 |    24 |     2 ||    27
         Give Item to Name |       |       |       |     2 |       ||     2
         Smiting           |       |       |       |       |     2 ||     2
  Evoke: Wand              |       |     3 |     3 |       |     1 ||     7
    Use: Scroll            |       |     5 |     9 |     7 |       ||    21
         Potion            |       |     1 |     6 |     7 |     4 ||    18
   Stab: Distracted        |       |       |       |     5 |       ||     5
         Confused          |       |       |       |     1 |       ||     1
 Armour: Robe              |     4 |       |       |       |       ||     4
         Ring mail         |    22 |    15 |       |       |       ||    37
         Leather armour    |       |    13 |    52 |       |       ||    65
         Skin              |       |     4 |     7 |       |       ||    11
         Chain mail        |       |       |    25 |    79 |       ||   104
         Plate armour      |       |       |       |    84 |     6 ||    90
  Dodge: Dodged            |    50 |    83 |   178 |   111 |     1 ||   423
  Block: Other             |       |       |       |       |     3 ||     3
